AoeStats
← JOE

Black Forest

510765660Analyzed
4v4 RM · 1d ago on Oct 2, 2026· 52m 21s· 8 players
Game mode
Random Map
Map size
Large (8 player)
Population
200
Speed
Normal
Resources
Standard
Victory
Conquest
Starting age
Dark Age
Ending age
Imperial Age
RankedLock teamsTeams togetherTeam positionsShared explorationLock speedFull tech treeHidden civsTurbo modeCheats
Victory
Defeat
🇳🇴 Ethiopians · Norway
957
+13
🇹🇷 Koreans · Türkiye
917
+15
🇷🇴 Goths · Romania
853
+17
🇳🇿 Danes · New Zealand
839
+18
🇮🇩 Bohemians · Indonesia
961
-20
🇨🇳 Vietnamese · China
903
-16
🇨🇳 Britons · China
855
-14
🇮🇩 Khmer · Indonesia
822
-13
marcopolo
1:01 Loom
12:02 Feudal Age
17:52 Castle Age
17:26 Double-Bit Axe
17:27 Horse Collar
24:27 Forging
24:22 Scale Barding Armor
24:09 Fletching
24:30 Scale Barding Armor
31:01 Imperial Age
29:15 Wheelbarrow
30:08 Tusk Swords
30:21 Bloodlines
30:12 Husbandry
30:45 Bow Saw
31:07 Caravan
32:02 Hand Cart
31:59 Gold Mining
33:26 Chain Barding Armor
33:16 Forging
33:10 Bodkin Arrow
34:08 Elite Ballista Elephant
35:53 Padded Archer Armor
35:54 Bracer
35:53 Light Cavalry
37:27 Plate Barding Armor
38:05 Chemistry
37:26 Ballistics
38:25 Masonry
38:12 Murder Holes
38:38 Cavalier
40:11 Forging
40:18 Leather Archer Armor
42:52 Iron Casting
42:52 Hussar
y.尊 尊
0:34 Loom
0:51 Loom
13:56 Feudal Age
14:38 Double-Bit Axe
15:30 Wheelbarrow
18:44 Castle Age
16:49 Horse Collar
19:44 Bow Saw
28:18 Gold Mining
28:18 Stone Mining
29:19 Heavy Plow
30:23 Hand Cart
29:53 Town Watch
33:50 Imperial Age
31:21 Town Patrol
31:49 Caravan
32:36 Stone Shaft Mining
31:58 Fletching
32:09 Padded Archer Armor
31:56 Treadmill Crane
32:27 Masonry
33:05 Chatras
33:45 Coinage
34:02 Leather Archer Armor
33:42 Bodkin Arrow
34:13 Ballistics
34:10 Clinker Construction
34:12 Squires
33:58 Arson
35:41 Chemistry
35:56 Crop Rotation
35:38 Heated Shot
35:34 Arrowslits
36:11 Carvel Hull
35:47 Murder Holes
37:05 Two-Man Saw
36:38 Husbandry
36:48 Bloodlines
36:47 Thumb Ring
37:11 Bracer
38:14 Paper Money
38:50 Ring Archer Armor
38:32 Forging
38:23 Scale Mail Armor
38:31 Scale Barding Armor
39:07 Fortified Wall
39:35 Elite Rattan Archer
42:28 Chain Barding Armor
42:43 Iron Casting
45:46 Plate Barding Armor
47:17 Elite Battle Elephant
52:39 Banking
52:19 Guilds
52:02 Elite Battle Elephant
Sleeperis4065
0:28 Loom
12:31 Feudal Age
20:03 Castle Age
19:12 Double-Bit Axe
23:25 Horse Collar
29:09 Ballistics
29:50 Chemistry
29:08 Heavy Plow
29:34 Bow Saw
29:52 Padded Archer Armor
31:28 Fletching
31:53 Leather Archer Armor
31:39 Scale Mail Armor
33:13 Bodkin Arrow
34:35 Wheelbarrow
33:45 Town Watch
34:11 Squires
37:53 Imperial Age
36:58 Hand Cart
36:44 Town Patrol
37:15 Fortified Wall
37:01 Murder Holes
37:17 Masonry
38:19 Caravan
39:43 Two-Man Saw
38:59 Wagenburg Tactics
39:37 Bracer
40:07 Ring Archer Armor
JOE
0:29 Loom
12:44 Feudal Age
20:14 Castle Age
18:41 Double-Bit Axe
18:39 Horse Collar
19:32 Stone Mining
19:33 Gold Mining
21:13 Wheelbarrow
21:14 Bow Saw
21:07 Heavy Plow
24:20 Gold Shaft Mining
27:47 Treadmill Crane
30:54 Hand Cart
36:22 Imperial Age
34:12 Caravan
34:55 Ballistics
34:39 Padded Archer Armor
35:57 Masonry
35:58 Fortified Wall
36:31 Yeomen
36:27 Murder Holes
37:03 Leather Archer Armor
36:38 Fletching
37:35 Conscription
37:16 Warwolf
37:54 Hoardings
39:24 Architecture
39:55 Chemistry
39:41 Elite Longbowman
41:56 Ring Archer Armor
41:22 Bodkin Arrow
KNoS
0:28 Loom
12:18 Feudal Age
12:49 Double-Bit Axe
18:52 Castle Age
16:49 Horse Collar
17:01 Stone Mining
17:02 Gold Mining
25:51 Wheelbarrow
26:30 Heavy Plow
27:08 Bow Saw
27:50 Hand Cart
33:55 Imperial Age
31:35 Scale Mail Armor
31:37 Padded Archer Armor
32:00 Ballistics
31:48 Caravan
32:07 Squires
31:29 Pikeman
32:58 Anarchy
34:15 Chain Mail Armor
34:12 Forging
34:35 Leather Archer Armor
35:59 Chemistry
36:36 Iron Casting
35:54 Fletching
37:21 Two-Man Saw
36:55 Crop Rotation
38:18 Elite Huskarl
39:09 Perfusion
41:33 Halberdier
47:58 Bodkin Arrow
Warmommy
1:24 Loom
13:42 Feudal Age
14:14 Double-Bit Axe
14:12 Horse Collar
14:36 Gold Mining
20:42 Castle Age
18:59 Stone Mining
20:01 Wheelbarrow
19:12 Town Watch
21:46 Bow Saw
21:37 Heavy Plow
22:14 Stone Shaft Mining
22:17 Gold Shaft Mining
25:15 Hand Cart
26:17 Fortified Wall
28:29 Caravan
34:22 Imperial Age
32:40 Fletching
33:01 Forging
33:09 Murder Holes
33:38 Royal Heirs
35:01 Squires
34:47 Arson
35:28 Conscription
36:13 Two-Man Saw
36:34 Chemistry
36:09 Bodkin Arrow
37:09 Heavy Scorpion
38:24 Town Patrol
39:37 Torsion Engines
41:15 Siege Engineers
41:00 Onager
42:14 Halberdier
45:16 Siege Onager
Dankissimo
0:49 Loom
12:16 Feudal Age
12:51 Double-Bit Axe
17:02 Castle Age
15:56 Horse Collar
20:03 Caravan
20:56 Bow Saw
23:10 Wheelbarrow
22:24 Town Watch
22:45 Heavy Plow
28:23 Hand Cart
31:23 Imperial Age
30:10 Ballistics
30:47 Town Patrol
30:58 Gold Mining
31:43 Heavy Rocket Cart
33:37 Chemistry
33:24 Shinkichon
33:32 Fletching
33:54 Siege Engineers
35:10 Gold Shaft Mining
34:25 Stone Mining
35:47 Two-Man Saw
35:55 Conscription
35:55 Bodkin Arrow
36:11 Forging
36:01 Scale Mail Armor
35:52 Pikeman
36:33 Squires
36:19 Arson
37:02 Bracer
36:50 Halberdier
38:04 Man-at-Arms
39:23 Iron Casting
39:04 Chain Mail Armor
41:51 Long Swordsman
48:40 Two-Handed Swordsman
Kelsey
0:29 Loom
12:34 Feudal Age
16:29 Castle Age
14:22 Double-Bit Axe
14:19 Horse Collar
17:56 Wheelbarrow
17:35 Bow Saw
17:29 Heavy Plow
25:04 Gold Mining
26:58 Hand Cart
27:19 Town Watch
30:27 Imperial Age
28:56 Scale Mail Armor
29:07 Forging
29:08 Stone Mining
30:35 Caravan
30:40 Squires
30:26 Gambesons
30:58 Chain Mail Armor
31:18 Iron Casting
31:29 Gold Shaft Mining
31:38 Arson
33:34 Plate Mail Armor
34:05 Blast Furnace
32:44 Onager
34:21 Coinage
34:08 Siege Engineers
34:17 Masonry
34:11 Elite Varangian Guard
35:32 Siege Onager
36:14 Murder Holes
36:47 Ballistics
36:55 Northmen's Fury
36:57 Hamask
41:51 Chemistry
42:13 Conscription
45:06 Fletching
45:16 Padded Archer Armor
Connection lost

Rejoining the realm…

Still unreachable

The connection could not be restored.

Session expired

The server has moved on; the page needs a fresh start.